AoeStats
← 虎!虎!虎!

Nomad

510304580Analyzed
4v4 RM · 17h ago on Sep 30, 2026· 41m 58s· 8 players
Game mode
Random Map
Map size
231×231
Population
200
Speed
Normal
Resources
Standard
Victory
Conquest
Starting age
Dark Age
Ending age
Imperial Age
RankedLock teamsTeams togetherTeam positionsShared explorationLock speedFull tech treeHidden civsTurbo modeCheats
Victory
Defeat
🇨🇳 Magyars · China
1503
+19
🇨🇳 Koreans · China
1487
+20
🇹🇼 Varangians · Taiwan
1476
+20
🇨🇳 Spanish · China
1463
+21
🇳🇱 Dravidians · Netherlands
1616
-22
🇳🇱 Mongols · Netherlands
1566
-20
🇨🇦 Britons · Canada
1557
-19
🇨🇳 Georgians · China
1542
-19
championqc82
5:13 Loom
13:46 Feudal Age
14:39 Town Watch
18:04 Castle Age
18:01 Double-Bit Axe
19:27 Wheelbarrow
23:10 Padded Archer Armor
26:38 Fletching
27:40 Bodkin Arrow
32:01 Ballistics
32:06 Hand Cart
36:36 Bow Saw
36:40 Gold Mining
38:44 Fortified Wall
39:20 Gold Shaft Mining
Komkommersla
3:46 Loom
13:24 Feudal Age
15:34 Town Watch
18:52 Fletching
21:07 Castle Age
19:20 Double-Bit Axe
21:37 Castle Age
20:22 Padded Archer Armor
21:45 Crossbowman
22:23 Bodkin Arrow
23:15 Wheelbarrow
25:14 Leather Archer Armor
27:02 Horse Collar
28:18 Bow Saw
42:00 Imperial Age
Tiekel
10:51 Loom
13:48 Feudal Age
18:14 Forging
18:23 Town Watch
21:26 Castle Age
19:19 Gold Mining
20:33 Double-Bit Axe
21:11 Fishing Lines
22:26 Bow Saw
22:35 Medium Warships
23:32 Fletching
24:21 Wheelbarrow
24:45 Gillnets
25:56 Bodkin Arrow
26:24 Padded Archer Armor
28:17 Leather Archer Armor
28:47 Horse Collar
31:05 Ballistics
31:20 Stone Mining
34:32 Masonry
37:23 Imperial Age
35:09 Hand Cart
35:16 Heavy Plow
36:19 Gold Shaft Mining
38:00 Stone Shaft Mining
38:06 Bracer
39:07 Chemistry
38:48 Hoardings
39:03 Bloodlines
39:02 Thumb Ring
39:22 Parthian Tactics
虎!虎!虎!
14:37 Feudal Age
15:06 Loom
16:19 Double-Bit Axe
19:02 Castle Age
17:16 Forging
16:56 Fishing Lines
18:48 Gold Mining
19:58 Fletching
20:20 Medium Warships
20:24 Bow Saw
21:42 Bodkin Arrow
24:30 Horse Collar
25:39 Wheelbarrow
26:02 Stone Mining
28:15 Heavy Plow
33:35 Imperial Age
32:34 Scale Barding Armor
34:43 Chain Barding Armor
34:54 Husbandry
35:04 Bloodlines
38:08 Plate Barding Armor
42:21 Iron Casting
大漁哥哥
11:18 Loom
13:34 Feudal Age
17:21 Castle Age
15:11 Double-Bit Axe
15:42 Fletching
15:57 Gold Mining
16:48 Fishing Lines
18:02 Bodkin Arrow
18:19 Bow Saw
23:04 Horse Collar
25:59 Heavy Plow
29:57 Wheelbarrow
32:40 Imperial Age
31:24 Forging
33:08 Bloodlines
33:05 Scale Barding Armor
34:05 Conscription
33:06 Cavalier
34:23 Iron Casting
34:31 Husbandry
34:36 Vendel Legacy
36:26 Chain Barding Armor
36:40 Hand Cart
37:33 Two-Man Saw
40:41 Plate Barding Armor
42:26 Blast Furnace
neutron_star
13:31 Feudal Age
17:41 Castle Age
16:32 Loom
18:02 Double-Bit Axe
18:08 Loom
19:32 Fletching
21:34 Bow Saw
24:11 Bodkin Arrow
32:40 Horse Collar
33:39 Wheelbarrow
39:36 Imperial Age
38:53 Ballistics
39:13 Pikeman
39:55 Scale Mail Armor
40:05 Forging
40:21 Bracer
41:23 Chemistry
箜声
13:40 Feudal Age
18:10 Castle Age
15:58 Double-Bit Axe
16:37 Loom
16:35 Horse Collar
18:24 Gold Mining
19:12 Bow Saw
19:15 Fishing Lines
20:22 Padded Archer Armor
22:10 Wheelbarrow
25:15 Heavy Plow
26:18 Leather Archer Armor
29:38 Hand Cart
33:27 Imperial Age
31:14 Scale Barding Armor
31:20 Forging
32:56 Chain Barding Armor
33:27 Bloodlines
33:59 Iron Casting
33:40 Husbandry
34:49 Plate Barding Armor
33:42 Cavalier
35:14 Conscription
35:47 Iron Casting
35:06 Paladin
38:18 Blast Furnace
39:57 Guilds
ElitePlastic
4:05 Loom
13:12 Feudal Age
15:19 Town Watch
23:42 Castle Age
29:13 Double-Bit Axe
33:46 Imperial Age
32:56 Scale Barding Armor
34:38 Chain Barding Armor
34:32 Bloodlines
35:26 Conscription
37:34 Fletching
38:31 Thumb Ring
39:28 Wheelbarrow
Connection lost

Rejoining the realm…

Still unreachable

The connection could not be restored.

Session expired

The server has moved on; the page needs a fresh start.